 Dungeon Crawl Stone Soup version 0.27-a0-906-g0a00ce863d (webtiles) character file.

Game seed: 18226093963164669089

21223 spiderkeys the Spear-Bearer (level 12, -9/85 HPs)
             Began as an Octopode Berserker on Apr 6, 2021.
             Was an Elder of Trog.
             Mangled by a five-headed hydra (13 damage)
             ... on level 1 of the Lair of Beasts on Apr 7, 2021.
             The game lasted 00:27:50 (18675 turns).

spiderkeys the Spear-Bearer (Octopode Berserker)   Turns: 18675, Time: 00:27:52

Health: -9/85      AC:  1    Str: 23    XL:     12   Next: 87%
Magic:  21/21      EV: 21    Int:  9    God:    Trog [****..]
Gold:   242        SH: 18    Dex: 16    Spells: 11/11 levels left

rFire    + . .     SeeInvis +   a - +1 spear (freeze)
rCold    . . .     Faith    .   e - +1 kite shield
rNeg     . . .     Spirit   .   (helmet restricted)
rPois    .         Reflect  +   D - amulet of reflection
rElec    .         Harm     .   c - +4 ring of evasion
rCorr    .         Rampage  .   o - +6 ring of strength
Will     +....                  r - ring of willpower
Stlth    +++++.....             s - ring of see invisible
HPRegen  0.24/turn              z - ring of protection from fire
MPRegen  0.17/turn              y - ring of magical power
                                (no ring)
                                (no ring)

@: no status effects
A: almost no armour, amphibious, 8 rings, camouflage 1, gelatinous body 1,
(nimble swimmer 1), tentacles
a: Renounce Religion, Berserk, Trog's Hand, Brothers in Arms


You were on level 1 of the Lair of Beasts.
You worshipped Trog.
Trog was greatly pleased with you.
You visited 2 branches of the dungeon, and saw 14 of its levels.

You collected 662 gold pieces.
You spent 420 gold pieces at shops.

Inventory:

Hand Weapons
 a - a +1 spear of freezing (weapon)
Missiles
 h - 10 javelins
 A - 2 boomerangs of dispersal
 B - 5 datura-tipped darts
 C - 2 curare-tipped darts
 J - 22 poisoned darts
 K - 3 throwing nets
Armour
 e - a +1 kite shield (worn)
Jewellery
 b - a ring of magical power
 c - a +4 ring of evasion (left tentacle)
 o - a +6 ring of strength (right tentacle)
 r - a ring of willpower (on tentacle)
 s - a ring of see invisible (on tentacle)
 y - a ring of magical power (on tentacle)
 z - a ring of protection from fire (on tentacle)
 D - an amulet of reflection (around mantle)
Wands
 i - a wand of polymorph (18)
 j - a wand of flame (13)
 m - a wand of paralysis (26)
 q - a wand of iceblast (6)
 M - a wand of random effects (18)
Scrolls
 d - a scroll of fear
 p - 3 scrolls of enchant weapon
 u - 3 scrolls of teleportation
 w - 2 scrolls of magic mapping
 E - 2 scrolls of silence
 F - a scroll of holy word
 I - a scroll of blinking
 L - a scroll of identify
 N - a scroll of enchant armour
Potions
 f - 3 potions of lignification
 g - 2 potions of heal wounds
 k - a potion of magic
 l - 5 potions of attraction
 n - 5 potions of haste
 t - 8 potions of curing
 v - 2 potions of mutation
 x - 2 potions of resistance
 G - a potion of cancellation
 O - 2 potions of ambrosia {unknown}
Miscellaneous
 H - a phantom mirror


   Skills:
 + Level 9.2 Fighting
 * Level 12.4 Polearms
 + Level 5.5 Throwing
 + Level 9.3 Dodging
 - Level 9.2 Stealth
 + Level 8.5 Shields


You had 11 spell levels left.
You didn't know any spells.
Your spell library was empty.

Dungeon Overview and Level Annotations

Branches:
Dungeon (13/15)            Temple (0/1) D:7            Lair (1/6) D:9
    Orc (0/2) D:11
 Vaults: D:13-14

Altars:
Ashenzari
Hepliaklqana
Makhleb
Qazlal
Ru
Wu Jian
Xom

Shops:
D:9 *(   D:12 =


Innate Abilities, Weirdness & Mutations

You cannot wear most types of armour.
You are amphibious.
You can wear up to eight rings at the same time.
Your skin changes colour to match your surroundings (Stealth+).
Your rubbery body absorbs attacks. (AC +1, EV +1)
((You are camouflaged near water. (Stealth+)))
You have tentacles for arms and can constrict up to eight enemies at once.


Message History

You block the five-headed hydra's attack. x3
The five-headed hydra misses you. x2
You hit the five-headed hydra.
The five-headed hydra seems to slow down.
You freeze the five-headed hydra. You squeeze the five-headed hydra!
The five-headed hydra is moderately wounded.
You barely miss the five-headed hydra. You squeeze the five-headed hydra!
The five-headed hydra is moderately wounded.
You block the five-headed hydra's attack.
The five-headed hydra barely misses you.
The five-headed hydra bites you!
You block the five-headed hydra's attack. x2
You hit the five-headed hydra. You freeze the five-headed hydra.
The five-headed hydra is heavily wounded.
You hit the five-headed hydra. You freeze the five-headed hydra.
You squeeze the five-headed hydra!
The five-headed hydra is severely wounded.
The five-headed hydra is no longer moving slowly.
The five-headed hydra misses you.
The five-headed hydra closely misses you.
The five-headed hydra bites you! x2
You block the five-headed hydra's attack.
You hit the five-headed hydra but do no damage.
The five-headed hydra is severely wounded.
You hit the five-headed hydra but do no damage.
The five-headed hydra is severely wounded.
You block the five-headed hydra's attack.
The five-headed hydra barely misses you.
The five-headed hydra bites you! x2
* * * LOW HITPOINT WARNING * * *
The five-headed hydra bites you!
* * * LOW HITPOINT WARNING * * *
You feel much better. The five-headed hydra bites you!
* * * LOW HITPOINT WARNING * * *
You block the five-headed hydra's attack.
The five-headed hydra closely misses you.
The five-headed hydra bites you!
* * * LOW HITPOINT WARNING * * *
The five-headed hydra bites you!
You die...

##...# ##..##
#...## ##...#
#.#..### #
...#....## ##..
......#..#.# .....
...........##......
#..........@.......
#..........D.......
..................
#.................
.................
.................
................
...........#...


You could see a five-headed hydra.

Vanquished Creatures
  Nessos (D:12)
  A rakshasa (D:12)
  Harold (D:9)
  2 boulder beetles (D:11)
  A hydra (D:12)
  Erolcha (D:13)
  5 two-headed ogres
  A tengu warrior (D:13)
  An orange crystal statue (D:9)
  A deep elf pyromancer (D:13)
  2 ugly things
  A manticore (D:12)
  An ice statue (D:9)
  A gargoyle (D:12)
  Maggie (D:6)
  A komodo dragon (D:12)
  A hornet (D:9)
  4 trolls
  Grinder (D:6)
  A meliai zombie (D:10)
  Sigmund (D:3)
  3 wraiths
  A basilisk (D:11)
  4 yaks (D:8)
  A steam dragon (D:5)
  2 vampire mosquitoes (D:12)
  4 wargs (D:11)
  2 acid dragons
  Duvessa (D:6)
  3 orc warriors
  A black bear (D:5)
  A necrophage (D:5)
  4 sky beasts
  2 ogres
  4 centaurs
  3 kobold brigands
  2 bullfrogs
  4 scorpions
  Dowan (D:6)
  2 water moccasin skeletons (D:5)
  20 killer bees
  9 wights
  2 howler monkeys
  3 hounds (D:5)
  7 centaur zombies
  2 bullfrog zombies
  A jelly (D:3)
  3 orc priests
  2 centaur skeletons
  A bullfrog skeleton (D:5)
  Jessica (D:2)
  4 iguanas
  5 orc wizards
  Ijyb (D:3)
  A killer bee zombie (D:7)
  A hound zombie (D:5)
  4 adders
  A howler monkey zombie (D:6)
  3 white imps
  An ufetubus (D:3)
  A worm (D:2)
  26 orcs
  2 ball pythons
  8 endoplasms
  5 goblins
  3 hobgoblins
  11 jackals
  21 kobolds
  2 quokkas (D:1)
  7 bats
  3 frilled lizards (D:1)
  A rat (D:2)
237 creatures vanquished.

Vanquished Creatures (others)
  A fungus (Lair:1)
1 creature vanquished.

Grand Total: 238 creatures vanquished

Notes
Turn   | Place    | Note
-------+----------+-------------------------------------------
     0 | D:1      | spiderkeys the Octopode Berserker began the quest for the
                  | Orb.
     0 | D:1      | Reached XP level 1. HP: 16/16 MP: 1/1
   273 | D:1      | Reached XP level 2. HP: 12/21 MP: 2/2
   277 | D:1      | Reached skill level 1 in Stealth
  1219 | D:1      | Reached XP level 3. HP: 20/26 MP: 3/3
  1409 | D:2      | Found a faded altar of an unknown god.
  1892 | D:2      | Reached ** piety under Trog
  2063 | D:2      | Noticed Jessica
  2069 | D:2      | Killed Jessica
  2070 | D:2      | Reached XP level 4. HP: 31/31 MP: 4/4
  2155 | D:2      | Reached skill level 1 in Shields
  2266 | D:2      | Found a shimmering altar of Xom.
  2461 | D:3      | Noticed Ijyb
  2469 | D:3      | Killed Ijyb
  2470 | D:3      | Reached skill level 4 in Polearms
  2522 | D:3      | Reached XP level 5. HP: 14/36 MP: 5/5
  3225 | D:3      | Noticed Sigmund
  3231 | D:3      | Killed Sigmund
  3232 | D:3      | Reached XP level 6. HP: 43/43 MP: 6/6
  3359 | D:3      | Noticed a sky beast
  3373 | D:3      | Killed a sky beast
  3374 | D:3      | Reached skill level 5 in Polearms
  3936 | D:4      | Reached XP level 7. HP: 48/48 MP: 7/7
  4196 | D:4      | You fall into a shaft and drop 2 floors!
  4214 | D:6      | Noticed Maggie
  4224 | D:6      | Killed Maggie
  4350 | D:6      | Reached skill level 6 in Polearms
  4350 | D:6      | Reached XP level 8. HP: 54/54 MP: 8/8
  4438 | D:6      | Found a hazy altar of Hepliaklqana.
  4438 | D:6      | Noticed Grinder
  4447 | D:6      | Killed Grinder
  4448 | D:6      | Reached skill level 5 in Stealth
  4666 | D:5      | Entered Level 5 of the Dungeon
  4952 | D:4      | Found a broken altar of Ashenzari.
  5129 | D:5      | Reached skill level 5 in Fighting
  5129 | D:5      | Reached skill level 5 in Dodging
  5141 | D:5      | Reached *** piety under Trog
  5352 | D:5      | Reached skill level 7 in Polearms
  5458 | D:5      | Reached XP level 9. HP: 59/61 MP: 9/9
  6848 | D:5      | Reached skill level 8 in Polearms
  7318 | D:6      | Noticed Duvessa
  7325 | D:6      | Killed Duvessa
  7326 | D:6      | Reached skill level 5 in Shields
  7335 | D:6      | Noticed Dowan
  7439 | D:6      | Reached **** piety under Trog
  7578 | D:6      | Killed Dowan
  7927 | D:7      | Found a staircase to the Ecumenical Temple.
  7957 | D:7      | Reached XP level 10. HP: 48/68 MP: 10/10
  8112 | D:7      | You fall into a shaft and drop 1 floor!
  8621 | D:7      | Found a stormy altar of Qazlal.
  8623 | D:7      | Found a burning altar of Makhleb.
  8631 | D:7      | Found a sacrificial altar of Ru.
  8672 | D:8      | Reached skill level 9 in Polearms
  8745 | D:8      | Noticed a two-headed ogre
  8758 | D:8      | Killed a two-headed ogre
  9367 | D:8      | Noticed a white ugly thing
  9827 | D:9      | Found Tigefago's Weapon Emporium.
 10029 | D:9      | Noticed an ice statue
 10045 | D:9      | Killed an ice statue
 10046 | D:9      | Reached skill level 10 in Polearms
 10046 | D:9      | Reached skill level 1 in Throwing
 10137 | D:9      | Noticed Harold
 10152 | D:9      | Killed Harold
 10153 | D:9      | Reached XP level 11. HP: 56/75 MP: 11/11
 10281 | D:9      | Found Ocaejuf's General Store.
 10297 | D:9      | Found a staircase to the Lair.
 10420 | D:9      | Noticed an orange crystal statue
 10422 | D:9      | Noticed a two-headed ogre
 10481 | Lair:1   | Entered Level 1 of the Lair of Beasts
 10625 | D:9      | Noticed a two-headed ogre
 10627 | D:9      | Killed an orange crystal statue
 10734 | D:10     | Entered Level 10 of the Dungeon
 10794 | D:10     | Found an ornate altar of the Wu Jian Council.
 11164 | D:10     | Found the +7 Kryia's mail coat {PotionHeal*2 rC+}
 12323 | D:11     | Found a shimmering altar of Xom.
 12323 | D:11     | Found a shimmering altar of Xom.
 12353 | D:11     | Found a shimmering altar of Xom.
 12354 | D:11     | Found a staircase to the Orcish Mines.
 12429 | D:11     | Found a shimmering altar of Xom.
 12430 | D:11     | Noticed a boulder beetle
 12432 | D:11     | Found a shimmering altar of Xom.
 12464 | D:11     | Killed a boulder beetle
 12929 | D:11     | Noticed a two-headed ogre
 12938 | D:11     | Killed a two-headed ogre
 12939 | D:11     | Reached skill level 11 in Polearms
 13777 | D:11     | Noticed a boulder beetle
 13810 | D:11     | Killed a boulder beetle
 14330 | D:12     | Reached XP level 12. HP: 78/83 MP: 12/12
 14593 | D:12     | Noticed a two-headed ogre
 14611 | D:12     | Killed a two-headed ogre
 14670 | D:12     | Noticed Nessos
 14683 | D:12     | Killed Nessos
 14867 | D:12     | Found Yrru's Jewellery Shoppe.
 14879 | D:12     | Bought an amulet of reflection for 420 gold pieces
 15193 | D:12     | Noticed a six-headed hydra
 15224 | D:12     | Killed a six-headed hydra
 15802 | D:13     | Noticed Erolcha
 15813 | D:13     | Killed Erolcha
 15814 | D:13     | Reached skill level 12 in Polearms
 16078 | D:13     | Noticed a two-headed ogre
 16087 | D:13     | Killed a two-headed ogre
 16088 | D:13     | Reached skill level 5 in Throwing
 16250 | D:13     | Noticed a two-headed ogre
 16267 | D:13     | Noticed a tengu warrior
 16275 | D:13     | Killed a tengu warrior
 16299 | D:13     | Noticed a rakshasa
 16306 | D:13     | Killed a two-headed ogre
 16877 | D:12     | Killed a rakshasa
 18662 | Lair:1   | Noticed a five-headed hydra
 18675 | Lair:1   | HP: 4/85 [five-headed hydra (17)]
 18675 | Lair:1   | Mangled by a five-headed hydra

Illustrated notes

Levels and vault maps discovered:
D:1:      ncdulo_smallfort, layout_loops_cross
D:2:      layout_loops_corners, basic_altar, basic_ecumenical_altar,
          solitary_fountain, uniq_jessica
D:3:      layout_loops_corners, corner_web_ring, uniq_sigmund, uniq_ijyb
D:4:      layout_cave_pools, grunt_ashenzari_visionary
          [grunt_ashenzari_visionary_swamp, grunt_ashenzari_visionary_spider]
D:5:      kennysheep_windowed_halls, layout_basic
D:6:      layout_basic, kennysheep_diamond, uniq_grinder, uniq_maggie,
          uniq_duvessa
D:7:      layout_rooms, grunt_temple_overflow_open,
          minmay_temple_entry_stoned_glass, grunt_decor_arrowhead, eino_jars
D:8:      layout_rooms, small_chamber_with_monster
D:9:      minmay_separated_statues, layout_cave_pools, lair_entry_dummy,
          serial_shops, nicolae_shop_temple_entry_statues_fountains,
          shop_fountains, uniq_harold
D:10:     layout_irregular_city, nicolae_wu_jian_immortal_techniques
D:11:     layout_basic, minmay_orc_entry_guard_dogs, minmay_splitting_lines,
          chequers_serial_rivers_micro_a, xom_redecorated
D:12:     layout_roguey, serial_shops, shop, uniq_nessos
D:13:     layout_stronghold, uniq_erolcha
Lair:1:   layout_hall_layers

Skill      XL: |  1  2  3  4  5  6  7  8  9 10 11 12 |
---------------+-------------------------------------+-----
Stealth        | 1 2 3 4 6 7 9 |  9.2
Shields        | 1 2 3 4 5 6 7 8 |  8.5
Polearms       | 4 5 6 7 8 10 11 12 | 12.4
Fighting       | 4 5 6 7 8 9 |  9.2
Dodging        | 4 5 6 7 8 9 |  9.3
Throwing       | 1 4 5 |  5.5

Action                   |  1- 3 |  4- 6 |  7- 9 | 10-12 || total
-------------------------+-------+-------+-------+-------++-------
Melee: Spear             |    88 |    61 |   256 |   622 ||  1027
       Tentacles         |    18 |    11 |    64 |   209 ||   302
       Constrict         |    15 |    10 |    42 |    48 ||   115
Throw: Javelin           |       |       |     2 |       ||     2
       Dart              |       |       |       |     2 ||     2
Invok: Berserk           |     1 |     3 |     9 |    15 ||    28
       Trog's Hand       |       |       |       |     1 ||     1
  Use: Scroll            |       |     8 |     6 |    14 ||    28
       Potion            |       |       |       |     2 ||     2
 Stab: Sleeping          |     7 |     7 |    14 |    21 ||    49
       Distracted        |       |       |       |     2 ||     2
Armor: Skin              |     3 |     5 |     4 |    10 ||    22
Dodge: Dodged            |    41 |    23 |    97 |   231 ||   392
Block: Kite shield       |    11 |    12 |   106 |   269 ||   398

Table legend: (Time is in decaauts)
 A = Elapsed time spent in this place.
 B = Non-inter-level travel time spent in this place.
 C = Inter-level travel time spent in this place.
 D = Time resting spent in this place.
 E = Time spent auto-exploring this place.
 F = Levels seen in this place.
 G = Mean time per level.
                   A        B        C        D        E       F      G
               +--------+--------+--------+--------+--------+-----+--------+
         Total |  18810 |  17887 |    923 |   5485 |  10472 |  14 | 1343.6 |
       Dungeon |  18706 |  17784 |    922 |   5485 |  10406 |  13 | 1438.9 |
          Lair |    104 |    103 |      1 |      0 |     66 |   1 |  104.0 |
               +--------+--------+--------+--------+--------+-----+--------+

Top non-repeatable levels by time:
    D:12: 2876 daAuts
     D:5: 1973 daAuts
    D:11: 1936 daAuts
     D:3: 1554 daAuts
    D:13: 1546 daAuts
    D:10: 1506 daAuts
     D:1: 1398 daAuts
     D:6: 1256 daAuts
     D:8: 1121 daAuts
     D:2: 1039 daAuts
     D:9: 906 daAuts
     D:7: 831 daAuts
     D:4: 758 daAuts
  Lair:1: 104 daAuts
